 Dungeon Crawl Stone Soup version 0.31-a0-435-g2c6fae2916 (webtiles) character file.

Game seed: 1039733373898498060

2296 juan097 the Magician (level 9, -1/66 HPs)
             Began as a Djinni Air Elementalist on Aug 1, 2023.
             Was an Initiate of Gozag.
             Shot with an arrow by a centaur (12 damage)
             ... on level 7 of the Dungeon.
             The game lasted 00:18:55 (6812 turns).

juan097 the Magician (Djinni Air Elementalist)      Turns: 6812, Time: 00:18:56

Health: -1/66      AC:  3    Str:  7    XL:     9   Next: 67%
Gold:   499        EV: 11    Int: 21    God:    Gozag SH:  0 Dex: 14

rFire   + + .        a - +1 dagger (protect)
rCold   x . .        (no shield)
rNeg    . . .        l - +0 leather armour
rPois   ∞            (no helmet)
rElec   .            (no cloak)
rCorr   .            (no gloves)
SInv    .            (boots unavailable)
Will    .....        (no amulet)
Stlth   ++           (no ring)
HPRegen 0.31/turn    (no ring)
MPRegen 0.00/turn

%: infuse magic (-2 HP)
@: swift, gold aura, flying, very quick
A: sickness immunity, fire resistance 2, cold vulnerability 1, float, innate
caster, HP casting, extra vitality 1
a: Renounce Religion, Potion Petition, Call Merchant, Bribe Branch


You were on level 7 of the Dungeon.
You worshipped Gozag.
Gozag was aware of your devotion.
You visited 1 branch of the dungeon, and saw 7 of its levels.
You also visited: Sewer.

You collected 735 gold pieces.
You spent 156 gold pieces at shops.
You paid 80 gold pieces to Gozag.

Inventory:

Hand Weapons
 a - a +1 dagger of protection (weapon)
 b - a +0 vampiric dagger
Missiles
 s - 6 javelins
 t - 3 poisoned darts
 A - a throwing net
Armour
 f - a +0 robe
 l - a +0 leather armour (worn)
Wands
 p - a wand of polymorph (4)
 B - a wand of iceblast (4)
Scrolls
 c - 3 scrolls of teleportation
 d - 3 scrolls of immolation {unknown}
 e - a scroll of brand weapon {unknown}
 i - a scroll of torment {unknown}
 j - 2 scrolls of blinking {unknown}
 m - a scroll of identify
 o - a scroll of poison
 r - 2 scrolls of fear {unknown}
 v - a scroll of amnesia {unknown}
 w - a scroll of summoning {unknown}
 x - a scroll of vulnerability {unknown}
 y - a scroll of revelation {unknown}
Potions
 g - a potion of enlightenment
 h - 2 potions of brilliance
 k - a potion of curing
 n - a potion of might
 q - 2 potions of heal wounds {unknown}
 u - 2 potions of mutation
 z - a potion of lignification {unknown}


   Skills:
 - Level 6.0 Fighting
 - Level 2.0 Short Blades
 - Level 2.1 Dodging
 - Level 4.0 Stealth
 * Level 7.7 Spellcasting
 * Level 7.7 Conjurations
 * Level 7.7 Hexes
   Level 0.0 Charms
 * Level 7.7 Summonings
 * Level 7.7 Necromancy
 * Level 7.7 Translocations
 * Level 7.7 Transmutations
 * Level 7.7 Fire Magic
 * Level 7.7 Ice Magic
 * Level 7.7 Air Magic
 * Level 7.7 Earth Magic
 * Level 7.7 Poison Magic


You knew the following spells:

 Your Spells              Type           Power      Damage    Failure   Level
a - Shock                 Conj/Air       100%       1d9       1%          1
b - Static Discharge      Conj/Air       80%        2-6/arc   1%          2
c - Swiftness             Air            40%        N/A       1%          3
d - Airstrike             Air            20%        2d(3-19)  4%          4
e - Sting                 Tmut/Pois      100%       1d8       1%          1
f - Passwall              Tmut/Erth      33%        N/A       1%          2
g - Lesser Beckoning      Tloc           80%        N/A       1%          2
h - Summon Lightning Spi  Summ/Air       40%        N/A       4%          4
Your spell library was empty.

Dungeon Overview and Level Annotations

Branches:
Dungeon (7/15)             Temple (0/1) D:5           Sewer (visited)

Altars:
Dithmenos
Gozag
Xom

Shops:
D:1 ?(   D:6 [

Annotations:
D:5 exclusion: shadow


Innate Abilities, Weirdness & Mutations

You are immune to sickness and miasma.
You are immune to poison.
Your flesh is very heat resistant. (rF++)
You are vulnerable to cold. (rC-)
You float through the air rather than walking.
You learn spells naturally, not from books.
Your magical power is your life essence.
You have superior vitality. (+4 MHP)


Message History

The steam dragon hisses angrily.
You see here 11 gold pieces.
Casting: Airstrike (dangerous; 5% risk of failure)
Confirm with . or Enter, or press ? or * to list all spells.
Aiming: Airstrike (dangerous; 5% risk of failure)
Press: ? - help, Dir - move target, f - steam dragon
Aim: a steam dragon (empty space bonus: 8/8)
The air twists around and strikes the steam dragon!!
The steam dragon is severely wounded.
The steam dragon breathes steam at you. The ball of steam misses you.
A sky beast comes into view.
The centaur shouts!
The centaur wields a +0 orcbow.
The centaur shoots an arrow.
The arrow hits you!
Casting: Airstrike (dangerous; 5% risk of failure)
Confirm with . or Enter, or press ? or * to list all spells.
Aiming: Airstrike (dangerous; 5% risk of failure)
Press: ? - help, Dir - move target, f/p - steam dragon
Aim: a steam dragon (severely wounded, empty space bonus: 8/8)
The air twists around and strikes the steam dragon!
You kill the steam dragon!
A jelly comes into view.
The centaur shoots an arrow.
The arrow hits you!
Casting: Airstrike (dangerous; 4% risk of failure)
Confirm with . or Enter, or press ? or * to list all spells.
You feel quick.
The jelly quivers.
A centaur comes into view.
The centaur shoots an arrow.
The arrow hits you!
The centaur shoots an arrow.
The arrow hits you!
* * * LOW HITPOINT WARNING * * *
The sky beast flickers out of sight!
Deactivating autopickup; reactivate with Ctrl-A.
The air fills with toxic fumes!
As you read the scroll of poison, it crumbles to dust.
The centaur wields a +0 shortbow.
The centaur shoots an arrow.
The arrow hits you!
You die...
Your body crumbles into a pile of gold.

#........#.#
#§.§§§§§§#.# .#
#§.§§§§§§#.#
...##§#§§§§§#§.#
#...§§.§§§§#§§##
#####.#§#§§§§§§##
.§§##§#§#§§§§§§§......
$§§§§§§§#§§§§§§§.#...#
####§§.§@§§§§§§§.# ##
.§§§§§§§§§§§§§§§...
§§§#§§§§§#§§#§§....
§#§§§§§§§#.§§§§#....
#c§####§§§..§§§.####
#§§ #§§§§..§§. #§
#cJ§§...§. §§§§§§....
.#.#.......


You could see 2 centaurs and a jelly.

Vanquished Creatures
  A steam dragon (D:7)
  A water moccasin (D:6)
  An ice beast (D:6)
  2 black bears
  A sky beast (D:6)
  An ogre (D:5)
  A centaur (D:6)
  A phantom (D:6)
  A kobold brigand (Sewer)
  A bullfrog (D:7)
  2 scorpions
  3 wights (D:7)
  3 killer bees (D:7)
  A howler monkey (D:4)
  4 crimson imps (D:6)
  A gnoll bouda (D:6)
  A hound (D:6)
  4 orc priests
  2 jellies
  6 iguanas
  2 orc wizards
  8 gnolls (D:6)
  8 adders
  A shadow imp (D:7)
  2 white imps
  An ufetubus (D:5)
  2 worms
  9 dart slugs
  12 orcs
  7 endoplasms
  11 giant cockroaches
  5 goblins
  4 hobgoblins
  A jackal (D:2)
  16 kobolds
  4 quokkas
  12 ball pythons
  7 bats
  5 frilled lizards
  4 rats
159 creatures vanquished.

Notes
Turn   | Place    | Note
-------+----------+-------------------------------------------
     0 | D:1      | juan097 the Djinni Air Elementalist began the quest for the
                  | Orb.
     0 | D:1      | juan097 set off with the following spells memorised: Shock,
                  | Static Discharge, Swiftness, Airstrike.
     0 | D:1      | Reached XP level 1. HP: 15/15 MP: 0/0
   158 | D:1      | Reached XP level 2. HP: 20/22 MP: 0/0
   364 | D:1      | Found Ruoho's Weapon Shoppe.
   692 | D:1      | Found Fiedum's Magic Scroll Shop.
   705 | D:1      | Reached XP level 3. HP: 23/26 MP: 0/0
   705 | D:1      | Learned a level 1 spell: Sting
   717 | D:1      | Bought a scroll of teleportation for 39 gold pieces
   771 | D:1      | Reached skill level 1 in Fighting
  1262 | D:2      | Reached XP level 4. HP: 7/32 MP: 0/0
  1616 | D:2      | Found a faded altar of an unknown god.
  1616 | D:2      | Noticed a shadow demon
  2168 | D:3      | Found a shadowy altar of Dithmenos.
  2198 | D:3      | Reached XP level 5. HP: 33/38 MP: 0/0
  2198 | D:3      | Learned a level 2 spell: Passwall
  2202 | D:3      | Reached skill level 1 in Short Blades
  2570 | D:3      | Found an opulent altar of Gozag.
  2831 | D:3      | Reached XP level 6. HP: 34/43 MP: 0/0
  3367 | D:4      | Found a glowing drain.
  3403 | Sewer    | Entered a sewer
  3590 | Sewer    | Reached XP level 7. HP: 47/49 MP: 0/0
  3590 | Sewer    | Learned a level 2 spell: Lesser Beckoning
  4163 | D:3      | Became a worshipper of Gozag Ym Sagoz the Greedy
  4287 | D:1      | Bought a scroll of noise for 13 gold pieces
  4287 | D:1      | Bought a scroll of identify for 26 gold pieces
  4287 | D:1      | Bought a scroll of poison for 52 gold pieces
  4287 | D:1      | Bought a scroll of identify for 26 gold pieces
  4369 | D:5      | Entered Level 5 of the Dungeon
  4523 | D:5      | Found a staircase to the Ecumenical Temple.
  4756 | D:5      | Reached skill level 5 in Spellcasting
  4756 | D:5      | Reached skill level 5 in Conjurations
  4756 | D:5      | Reached skill level 5 in Hexes
  4756 | D:5      | Reached skill level 5 in Summonings
  4756 | D:5      | Reached skill level 5 in Necromancy
  4756 | D:5      | Reached skill level 5 in Translocations
  4756 | D:5      | Reached skill level 5 in Transmutations
  4756 | D:5      | Reached skill level 5 in Fire Magic
  4756 | D:5      | Reached skill level 5 in Ice Magic
  4756 | D:5      | Reached skill level 5 in Air Magic
  4756 | D:5      | Reached skill level 5 in Earth Magic
  4756 | D:5      | Reached skill level 5 in Poison Magic
  5017 | D:5      | Noticed a shadow
  5250 | D:5      | Reached XP level 8. HP: 47/58 MP: 0/0
  5656 | D:6      | Found Lewinuve's Armour Emporium.
  5969 | D:6      | Reached skill level 5 in Fighting
  6046 | D:6      | Reached XP level 9. HP: 56/65 MP: 0/0
  6046 | D:6      | Learned a level 4 spell: Summon Lightning Spire
  6329 | D:6      | Found a shimmering altar of Xom.
  6812 | D:7      | Shot with an arrow by a centaur

Illustrated notes

Levels and vault maps discovered:
D:1:      dpeg_arrival_shelter, layout_basic, serial_shops,
          nicolae_shop_just_a_little_nook, shop, corexii_hall_statues_x
D:2:      kb_forest_paths, layout_loops_corners,
          dreamdust_ecumenical_altar_sealed_demon
D:3:      layout_loops_ring, grunt_gozag_breadcrumbs,
          nicolae_dithmenos_shadow_blocks, serial_bayou, serial_bayou_pond_e,
          serial_bayou_shore_b, serial_bayou_pond_e, serial_bayou_pond_a,
          chequers_serial_rivers_room_a, minmay_fractal_squares_5
D:4:      layout_rooms, gup_sewer_entry_glass
D:5:      layout_layer_cave, minmay_temple_entry_slanted, minmay_small_thing
D:6:      layout_cave_pools, led_xom_imps, serial_shops, shop
D:7:      layout_rooms, uniq_pikel, uniq_duvessa

Skill      XL: |  1  2  3  4  5  6  7  8  9 |
---------------+----------------------------+-----
Spellcasting   | 4 5 6 7 |  7.7
Conjurations   | 4 5 6 7 |  7.7
Hexes          | 4 5 6 7 |  7.7
Summonings     | 4 5 6 7 |  7.7
Necromancy     | 4 5 6 7 |  7.7
Translocations | 4 5 6 7 |  7.7
Transmutations | 4 5 6 7 |  7.7
Fire Magic     | 4 5 6 7 |  7.7
Ice Magic      | 4 5 6 7 |  7.7
Air Magic      | 4 5 6 7 |  7.7
Earth Magic    | 4 5 6 7 |  7.7
Poison Magic   | 4 5 6 7 |  7.7
Fighting       | 1 2 3 5 6 |  6.0
Stealth        | 2 3 4 |  4.0
Short Blades   | 1 2 |  2.0
Dodging        | |  2.1

Action                     |  1- 3 |  4- 6 |  7- 9 || total
---------------------------+-------+-------+-------++-------
  Melee: Dagger            |       |    29 |    22 ||    51
   Cast: Shock             |    66 |   143 |   129 ||   338
         Static Discharge  |     1 |       |     5 ||     6
         Sting             |       |     4 |     7 ||    11
         Swiftness         |       |       |     2 ||     2
         Airstrike         |       |       |    35 ||    35
    Use: Scroll            |       |       |     6 ||     6
 Armour: Robe              |     2 |     3 |       ||     5
         Leather armour    |       |    17 |    10 ||    27
  Dodge: Dodged            |    13 |    43 |    34 ||    90

Table legend: (Time is in decaauts)
 A = Elapsed time spent in this place.
 B = Non-inter-level travel time spent in this place.
 C = Inter-level travel time spent in this place.
 D = Time resting spent in this place.
 E = Time spent auto-exploring this place.
 F = Levels seen in this place.
 G = Mean time per level.
                   A        B        C        D        E       F      G
               +--------+--------+--------+--------+--------+-----+--------+
         Total |   6805 |   6373 |    432 |    135 |   5122 |   8 |  850.6 |
       Dungeon |   6354 |   5922 |    432 |    135 |   4779 |   7 |  907.7 |
         Sewer |    451 |    451 |      0 |      0 |    343 |   1 |  451.0 |
               +--------+--------+--------+--------+--------+-----+--------+

Top non-repeatable levels by time:
     D:6: 1208 daAuts
     D:2: 1201 daAuts
     D:3: 1152 daAuts
     D:1: 1016 daAuts
     D:5: 957 daAuts
     D:4: 656 daAuts
   Sewer: 451 daAuts
     D:7: 162 daAuts
